 Dungeon Crawl Stone Soup version 0.29-a0-231-g945431f764 (webtiles) character file.

Game seed: 14263832356084169786

394 enile the Skirmisher (level 6, -4/52 HPs)
             Began as a Demigod Air Elementalist on Mar 1, 2022.
             Killed by divine providence
             ... invoked by an orc priest
              (10 damage)
             ... on level 4 of the Dungeon.
             The game lasted 00:04:41 (6404 turns).

enile the Skirmisher (Demigod Air Elementalist)     Turns: 6404, Time: 00:04:41

Health: -4/52      AC:  3    Str:  9    XL:     6   Next: 26%
Magic:  0/13       EV: 12    Int: 25    God:
Gold:   224        SH:  0    Dex: 14    Spells: 4/11 levels left

rFire   . . .      SeeInvis .   r - +4 quarterstaff (chaos)
rCold   . . .      Faith    .   (shield currently unavailable)
rNeg    . . .      Spirit   .   a - +0 robe
rPois   .          Reflect  .   (no helmet)
rElec   .          Harm     .   s - +0 cloak
rCorr   .          Rampage  .   (no gloves)
Will    .....                   (no boots)
Stlth   ++........              (no amulet)
HPRegen 0.17/turn               (no ring)
MPRegen 0.13/turn               (no ring)

@: lethally poisoned (-4 -> -4), very slightly contaminated
A: high MP 1, forlorn, divine attributes
a: no special abilities


You were on level 4 of the Dungeon.
You visited 1 branch of the dungeon, and saw 4 of its levels.

You collected 224 gold pieces.

Inventory:

Hand Weapons
 f - a +0 whip
 j - a +1 dagger of venom
 r - a +4 quarterstaff of chaos (weapon)
Missiles
 m - a throwing net
Armour
 a - a +0 robe (worn)
 k - a +0 buckler
 s - a +0 cloak (worn)
Wands
 u - a wand of mindburst (7)
 w - a wand of flame (15)
Scrolls
 b - 2 scrolls of fear {unknown}
 c - 3 scrolls of teleportation {unknown}
 d - 3 scrolls of vulnerability {unknown}
 e - a scroll of fog {unknown}
 h - 5 scrolls of identify {unknown}
 n - a scroll of enchant armour {unknown}
 p - a scroll of holy word {unknown}
Potions
 g - a potion of ambrosia {unknown}
 i - 2 potions of lignification
 l - a potion of flight {unknown}
 o - 3 potions of curing
 q - a potion of degeneration {unknown}
 t - a potion of invisibility {unknown}
 v - a potion of heal wounds {unknown}


   Skills:
 - Level 4.0 Fighting
 - Level 1.0 Short Blades
 - Level 1.7 Dodging
 - Level 1.7 Stealth
 - Level 3.0 Spellcasting
 + Level 1.7 Conjurations
 - Level 4.0 Air Magic


You had 4 spell levels left.
You knew the following spells:

 Your Spells              Type           Power      Damage    Failure   Level
a - Shock                 Conj/Air       72%        1d7       3%          1
b - Static Discharge      Conj/Air       18%        N/A       4%          2
c - Airstrike             Air            11%        N/A       19%         4

Your spell library contained the following spells:

 Spells                   Type           Power      Damage    Failure   Level
 Swiftness                Air            23%        N/A       6%          3
 Dazzling Flash           Conj/Hex       16%        N/A       22%         3
 Iskenderun's Mystic Bla  Conj/Tloc      8%         2d4       56%         4
 Starburst                Conj/Fire      4%         6d3       100%        6


Dungeon Overview and Level Annotations

Branches:
Dungeon (4/15)
 Temple: D:4-7


Innate Abilities, Weirdness & Mutations

You have an increased reservoir of magic. (+10% MP)
You shall have no god before yourself.
Your divine heritage dramatically boosts your attributes as you level up.


Message History

Aim: an orc priest, wielding a +0 trident (71% to hit)
You miscast Shock.
You are very lightly contaminated with residual magic.
Nothing appears to happen.
You feel sick.
Casting: Shock (safe; 3% risk of failure)
Confirm with . or Enter, or press ? or * to list all spells.
Aiming: Shock (safe; 3% risk of failure)
Press: ? - help, Shift-Dir - straight line, f/p - orc priest
Aim: an orc priest, wielding a +0 trident (71% to hit)
The zap hits the orc priest!
The orc priest is heavily wounded.
You feel sick.
The orc priest invokes the aid of Beogh against you.
Pain shoots through your body!
Casting: Shock (safe; 3% risk of failure)
Confirm with . or Enter, or press ? or * to list all spells.
Aiming: Shock (safe; 3% risk of failure)
Press: ? - help, Shift-Dir - straight line, f/p - orc priest
Aim: an orc priest, wielding a +0 trident (heavily wounded, 71% to hit)
The zap hits the orc priest.
The orc priest is severely wounded.
You feel sick.
The orc priest hits you from afar with a +0 trident.
Casting: Shock (safe; 3% risk of failure)
Confirm with . or Enter, or press ? or * to list all spells.
You don't have enough magic to cast this spell.
Casting: Shock (safe; 3% risk of failure)
Confirm with . or Enter, or press ? or * to list all spells.
You don't have enough magic to cast this spell.
You feel sick. The orc priest misses you.
Items here: )) [[ †.
You hit the orc priest. You freeze the orc priest.
The orc priest is almost dead.
You feel sick.
The orc priest mumbles some strange prayers to Beogh against you.
Beogh smites you!
* * * LOW HITPOINT WARNING * * *
The orc priest invokes the aid of Beogh against you.
Beogh smites you!
You die...

#...........#
#...........#
+...........#
#...........#
#...........#
##'##########
#....# #....#
#@...#
......o....#
......)....#
.....).....#
..##.##..###
# #. #### )
..


You could see an orc priest.

Vanquished Creatures
  A necrophage (D:4)
  A hound (D:3)
  Crazy Yiuf (D:3)
  An orc wizard (D:4)
  Natasha (thrice) (D:3)
  2 adders
  4 gnolls
  4 worms
  3 dart slugs
  3 orcs (D:4)
  7 endoplasms
  18 giant cockroaches
  9 goblins
  8 hobgoblins
  6 jackals
  A kobold (D:2)
  5 quokkas
  3 ball pythons
  2 bats (D:1)
  5 frilled lizards
  8 rats
95 creatures vanquished.

Notes
Turn   | Place    | Note
-------+----------+-------------------------------------------
     0 | D:1      | enile the Demigod Air Elementalist began the quest for the
                  | Orb.
     0 | D:1      | Reached XP level 1. HP: 14/14 MP: 5/5
   209 | D:1      | Reached skill level 1 in Fighting
   277 | D:1      | Reached XP level 2. HP: 15/23 MP: 1/7
   972 | D:1      | Reached XP level 3. HP: 20/30 MP: 0/8
  2448 | D:2      | Learned a level 2 spell: Static Discharge
  2691 | D:2      | You fall into a shaft and drop 1 floor!
  2969 | D:2      | Reached XP level 4. HP: 29/38 MP: 4/10
  3830 | D:3      | Noticed Natasha
  3838 | D:3      | Killed Natasha
  3839 | D:3      | Reached skill level 1 in Short Blades
  4009 | D:3      | Found a runed translucent door.
  4010 | D:3      | Noticed Crazy Yiuf
  4212 | D:3      | Reached XP level 5. HP: 45/45 MP: 7/12
  4912 | D:3      | Noticed Natasha
  4921 | D:3      | Killed Natasha
  4927 | D:3      | Noticed Natasha
  4934 | D:3      | Killed Natasha
  5260 | D:3      | Identified the +10 rapier "Ulivve Zainn" {flame, rPois rN+
                  | Int+5}
  5317 | D:3      | Killed Crazy Yiuf
  5872 | D:4      | Reached XP level 6. HP: 26/52 MP: 1/13
  5877 | D:4      | Learned a level 4 spell: Airstrike
  6065 | D:4      | Reached skill level 1 in Conjurations
  6404 | D:4      | Killed from afar by an orc priest

Illustrated notes

Levels and vault maps discovered:
D:1:      dpeg_arrival_chambers_temple_mockup, layout_loops_ring
D:2:      layout_basic, chequers_hall_statues_y
D:3:      minmay_roachtagon, layout_basic,
          shapermc_ecumenical_altar_mp_vishouse, uniq_crazy_yiuf_cottage,
          uniq_natasha
D:4:      layout_gridville

Skill      XL: |  1  2  3  4  5  6 |
---------------+-------------------+-----
Fighting       | 1 2 3 4 |  4.0
Spellcasting   | 2 3 |  3.0
Short Blades   | 1 |  1.0
Air Magic      | 3 4 |  4.0
Conjurations   | 1 |  1.7
Dodging        | |  1.7
Stealth        | |  1.7

Action                   |  1- 3 |  4- 6 || total
-------------------------+-------+-------++-------
Melee: Unarmed           |    12 |       ||    12
       Whip              |    21 |       ||    21
       Dagger            |     5 |    50 ||    55
       Quarterstaff      |       |     4 ||     4
 Cast: Shock             |   117 |    94 ||   211
       Static Discharge  |       |    17 ||    17
  Use: Potion            |       |     2 ||     2
Armor: Robe              |     4 |    20 ||    24
       Skin              |       |     2 ||     2
Dodge: Dodged            |    31 |    54 ||    85
Block: Buckler           |     3 |    12 ||    15

Table legend: (Time is in decaauts)
 A = Elapsed time spent in this place.
 B = Non-inter-level travel time spent in this place.
 C = Inter-level travel time spent in this place.
 D = Time resting spent in this place.
 E = Time spent auto-exploring this place.
 F = Levels seen in this place.
 G = Mean time per level.
                   A        B        C        D        E       F      G
               +--------+--------+--------+--------+--------+-----+--------+
         Total |   6415 |   6181 |    234 |      0 |   5590 |   4 | 1603.8 |
       Dungeon |   6415 |   6181 |    234 |      0 |   5590 |   4 | 1603.8 |
               +--------+--------+--------+--------+--------+-----+--------+

Top non-repeatable levels by time:
     D:3: 2022 daAuts
     D:1: 1829 daAuts
     D:2: 1808 daAuts
     D:4: 755 daAuts
